 Dungeon Crawl Stone Soup version 0.27.1-35-g4d5d836560 (webtiles) character file.

Game seed: 4294812910212189723

10 Delamore the Sneak (level 2, 0/19 HPs)
             Began as an Octopode Brigand on Apr 21, 2022.
             Hit by a goblin thrown by Robin (3 damage)
             ... on level 2 of the Dungeon.
             The game lasted 00:00:30 (521 turns).

Delamore the Sneak (Octopode Brigand)                Turns: 521, Time: 00:00:31

Health: 0/19       AC:  1    Str: 10    XL:     2   Next: 20%
Magic:  2/2        EV:  9    Int: 13    God:
Gold:   63         SH:  0    Dex: 13    Spells: 1/1 levels left

rFire    . . .     SeeInvis .   a - +2 dagger
rCold    . . .     Faith    .   (no shield)
rNeg     . . .     Spirit   .   (helmet restricted)
rPois    .         Reflect  .   (no amulet)
rElec    .         Harm     .   (no ring)
rCorr    .         Rampage  .   (no ring)
Will     .....                  (no ring)
Stlth    ++++......             (no ring)
HPRegen  0.06/turn              (no ring)
MPRegen  0.08/turn              (no ring)
                                (no ring)
                                (no ring)

@: constricted
A: almost no armour, amphibious, 8 rings, camouflage 1, gelatinous body 1,
(nimble swimmer 1), tentacles
a: no special abilities


You were on level 2 of the Dungeon.
You visited 1 branch of the dungeon, and saw 2 of its levels.

You collected 63 gold pieces.

Inventory:

Hand Weapons
 a - a +2 dagger (weapon)
Missiles
 b - 17 poisoned darts (quivered)
 c - 2 curare-tipped darts
Armour
 e - a +0 tower shield
Scrolls
 g - a scroll of immolation {unknown}
Potions
 d - a potion of flight {unknown}
 f - a potion of heal wounds {unknown}


   Skills:
 - Level 2.0 Fighting
 * Level 2.5 Short Blades
 - Level 2.0 Throwing
 - Level 1.0 Dodging
 + Level 5.6 Stealth


You had one spell level left.
You didn't know any spells.
Your spell library was empty.

Dungeon Overview and Level Annotations

Branches:
Dungeon (2/15)

Altars:

Annotations:
D:2 Robin


Innate Abilities, Weirdness & Mutations

You cannot wear most types of armour.
You are amphibious.
You can wear up to eight rings at the same time.
Your skin changes colour to match your surroundings (Stealth+).
Your rubbery body absorbs attacks. (AC +1, EV +1)
((You are camouflaged near water. (Stealth+)))
You have tentacles for arms and can constrict up to eight enemies at once.


Message History

No target in view!
There is a stone staircase leading down here.
You climb downwards.
Found a stone staircase leading down.
There is a stone staircase leading up here.
There are monsters nearby!
There are monsters nearby!
A ball python and 2 goblins come into view.
Found a stone staircase leading down.
The goblin shouts!
You hear a shout! x2; The hobgoblin shouts!
The goblin shouts! x2
A goblin comes into view. It is wielding a +0 dagger.
The hobgoblin shouts!
You barely miss the goblin.
Robin shouts!
The hobgoblin shouts!
The goblin shouts! x2
The hobgoblin shouts!
The ball python hisses angrily.
You grab the goblin. You constrict the goblin.
You release your grip on the goblin.
There is a stone staircase leading up here.
You hit the goblin.
You kill the goblin!
Robin roars a battlecry!
The goblins go into a battle-frenzy!
A goblin comes into view. It is wielding a +0 dagger.
The goblin hits you with a +0 club.
You climb upwards.
There is a stone staircase leading down here.
You start resting.
HP restored.
You climb downwards.
Level annotation: Robin The ball python closely misses you.
The ball python misses you. The hobgoblin hits you.
The goblin hits you with a +0 club. Robin throws the goblin at you!
The goblin barely misses you. The ball python misses you.
The ball python grabs you. The ball python constricts you.
The goblin hits you with a +0 club. The goblin hits you with a +0 dagger.
The hobgoblin hits you.
* * * LOW HITPOINT WARNING * * *
Robin throws the goblin at you!
You die...

#....>
#...
#.....#...
#...g#...#
..
.g..#...#
..^
..gg..#
#..# ....#
#....#gg##
#..gggg##
#..##S@g.#
#
#gg#.....#
.....
.....
...##.##
.... .....
#.# ###
...> #..
... ##.
... #


You could see Robin, 4 hobgoblins, 8 goblins and a ball python.

Vanquished Creatures
  A giant cockroach (D:1)
  2 goblins
  3 ball pythons (D:1)
  A bat (D:1)
  2 frilled lizards (D:1)
  2 kobolds (D:1)
11 creatures vanquished.

Vanquished Creatures (others)
  A demonic plant (D:2)
1 creature vanquished.

Grand Total: 12 creatures vanquished

Notes
Turn   | Place    | Note
-------+----------+-------------------------------------------
     0 | D:1      | Delamore the Octopode Brigand began the quest for the Orb.
     0 | D:1      | Reached XP level 1. HP: 14/14 MP: 1/1
   187 | D:1      | Reached XP level 2. HP: 14/19 MP: 2/2
   471 | D:2      | Noticed Robin
   521 | D:2      | Hit by a goblin thrown by Robin

Illustrated notes

Levels and vault maps discovered:
D:1:      wander_arrival_estate, layout_basic, kennysheep_another_room
D:2:      layout_rooms, basic_altar, shapermc_ecumenical_altar_gd, uniq_robin,
          uniq_crazy_yiuf_cottage

Action                   || total
-------------------------++-------
Melee: Dagger            ||    22
       Constrict         ||     5
 Stab: Sleeping          ||     3
Armor: Skin              ||     1
Dodge: Dodged            ||    18
